 Dungeon Crawl Stone Soup version 0.17-a0-1411-g06ff558 (webtiles) character file.

142 wvc the Poker (level 5, 9/41 HPs)
             Began as a Demonspawn Abyssal Knight on June 23, 2015.
             Was a Priest of Lugonu.
             Quit the game on level 3 of the Dungeon.
             The game lasted 00:04:54 (2510 turns).

wvc the Poker (Demonspawn Abyssal Knight)           Turns: 2510, Time: 00:04:54

Health: 9/41       AC:  8    Str: 13    XL:     5   Next: 4%
Magic:  7/7        EV: 10    Int: 13    God:    Lugonu [***...]
Gold:   65         SH:  0    Dex: 13    Spells: 0 memorised, 4 levels left

rFire  . . .     SeeInvis .     a - +1 spear
rCold  . . .     Clarity  .     h - +0 ring mail
rNeg   . . .     SustAt   .     (no shield)
rPois  .         Gourm    .     g - +0 helmet
rElec  .         Spirit   .     (no cloak)
rCorr  .         Warding  .     (no gloves)
rMut   .         Stasis   .     e - +1 pair of boots
MR     .....                    (no amulet)
Stlth  +.........               (no ring)
                                (no ring)

@: lethally poisoned (9 -> -12), drained, not resistant to hostile enchantments,
very unstealthy
A: powered by death 1, powered by pain 2
a: Depart the Abyss, Bend Space, Banish, Renounce Religion


You were on level 3 of the Dungeon.
You worshipped Lugonu.
Lugonu was most pleased with you.
You were not hungry.

You visited 1 branch of the dungeon, and saw 3 of its levels.
You visited the Abyss 1 time.

You collected 65 gold pieces.

Inventory:

Hand weapons
 a - a +1 spear (weapon)
Armour
 e - a +1 pair of boots (worn)
 g - a +0 helmet (worn)
 h - a +0 ring mail (worn)
Scrolls
 i - a scroll of identify {unknown}
Potions
 b - 2 potions of flight {unknown}
 d - a potion of agility {unknown}
 f - a potion of heal wounds {unknown}
Comestibles
 c - a bread ration
 j - 3 chunks of flesh


   Skills:
 - Level 3.3(2.7) Fighting
 * Level 4.2(3.7) Polearms
 - Level 1.7(1.2) Armour
 - Level 1.0(0.4) Dodging
 + Level 3.3(2.7) Invocations


You had 4 spell levels left.
You didn't know any spells.

Dungeon Overview and Level Annotations

Branches:
Dungeon (3/15)

Altars:


Innate Abilities, Weirdness & Mutations

You regenerate a little health from kills.
You sometimes gain power by taking damage.


Message History

The gnoll is moderately wounded.
You feel less regenerative.
You feel sick. The crimson imp hits you. The gnoll closely misses you.
You hit the gnoll.
The gnoll is severely wounded.
You feel sick.
The crimson imp hits you but does no damage.
You closely miss the gnoll.
The gnoll is severely wounded.
You feel sick. The gnoll hits you but does no damage.
You are more poisoned.
The crimson imp hits you.
* * * LOW HITPOINT WARNING * * *
You are too injured to fight recklessly!
You are too injured to fight recklessly!
You are too injured to fight recklessly!
You are too injured to fight recklessly!
Quiver which item? (- for none, * to show all) (? for menu, Esc to quit)
Okay, then.
Are you sure you want to abandon this character and quit the game? (Confirm with "yes".)

.. ####.........#### ...
#...............# ....
+...............# .....
#.....######....#####
......#.(g..####...)......#
.......5..gg...#.#........#
.......#####.#)#.#........#
....... #.#g#)#........###.
....... #..5@.#............
......) ##.####....#######.
....... ...................
.......
####........########
....... #.###....####
###.#.........#
..............#
..............#
..............#


You could see a gnoll and a crimson imp.

Vanquished Creatures
  Robin (D:2)
  2 gnolls (D:3)
  5 adders (D:2)
  2 giant geckos (D:2)
  An orc (D:3)
  2 giant cockroaches
  10 goblins
  16 hobgoblins
  2 jackals (D:3)
  7 bats
  2 giant newts
  7 kobolds
  6 rats
63 creatures vanquished.

Notes
Turn   | Place    | Note
--------------------------------------------------------------
     0 | Abyss:1  | wvc the Demonspawn Abyssal Knight began the quest for the Orb.
     0 | Abyss:1  | Reached XP level 1. HP: 18/18 MP: 2/2
    21 | D:1      | Escaped the Abyss
   126 | D:1      | Reached skill level 1 in Dodging
   422 | D:1      | Gained mutation: You sometimes gain a little power by taking damage. [demonic ancestry]
   422 | D:1      | Reached XP level 2. HP: 24/24 MP: 3/3
  1111 | D:1      | Acquired Lugonu's second power
  1145 | D:2      | Gained mutation: You sometimes gain power by taking damage. [demonic ancestry]
  1145 | D:2      | Reached XP level 3. HP: 16/29 MP: 3/5
  1723 | D:2      | Gained mutation: You regenerate a little health from kills. [demonic ancestry]
  1723 | D:2      | Reached XP level 4. HP: 32/35 MP: 6/6
  1812 | D:2      | Noticed Robin
  1854 | D:2      | Killed Robin
  2219 | D:2      | Reached skill level 4 in Polearms
  2375 | D:2      | Acquired Lugonu's third power
  2500 | D:3      | Reached XP level 5. HP: 32/41 MP: 7/7
  2510 | D:3      | Quit the game

Vault maps used:
D:1:      evilmike_arrival_rings, kennysheep_boxes
D:2:      uniq_robin
D:3:      kennysheep_the_goblin_king, grunt_temple_overflow_open, first_bread

Action                   |  1- 3 |  4- 6 || total
-------------------------+-------+-------++-------
Melee: Spear             |   153 |   126 ||   279
  Eat: Chunk             |     3 |     1 ||     4
       Bread ration      |       |     1 ||     1
